 Dungeon Crawl Stone Soup version 0.29-a0-553-g81b289dbe5 (webtiles) character file.

Game seed: 7486826957978583138

9 Heretekdanicus the Shield-Bearer (level 2, -3/24 HPs)
             Began as a Human Fighter on June 6, 2022.
             Frozen to death by an endoplasm (5 damage)
             ... on level 1 of the Dungeon.
             The game lasted 00:00:25 (33 turns).

Heretekdanicus the Shield-Bearer (Human Fighter)      Turns: 33, Time: 00:00:27

Health: -3/24      AC:  6    Str: 16    XL:     2   Next: 20%
Magic:  2/2        EV:  8    Int:  8    God:
Gold:   0          SH:  4    Dex: 12    Spells: 1/1 levels left

rFire   . . .      SeeInvis .   a - +0 long sword
rCold   . . .      Faith    .   c - +0 buckler
rNeg    . . .      Spirit   .   b - +0 scale mail
rPois   .          Reflect  .   (no helmet)
rElec   .          Harm     .   (no cloak)
rCorr   .          Rampage  .   (no gloves)
Will    .....                   (no boots)
Stlth   ..........              (no amulet)
HPRegen 0.08/turn               (no ring)
MPRegen 0.08/turn               (no ring)

@: no status effects
A: no striking features
a: no special abilities


You were on level 1 of the Dungeon.
You visited 1 branch of the dungeon, and saw 1 of its levels.

Inventory:

Hand Weapons
 a - a +0 long sword (weapon)
Armour
 b - a +0 scale mail (worn)
 c - a +0 buckler (worn)
Potions
 d - a potion of might


   Skills:
 + Level 3.1 Fighting
 + Level 2.0 Long Blades
 + Level 3.1 Armour
 + Level 3.2 Shields


You had one spell level left.
You didn't know any spells.
Your spell library was empty.

Dungeon Overview and Level Annotations

Branches:
Dungeon (1/15)

Altars:


Message History

The jackal bites you but does no damage.
The rat twitches its whiskers.
You hit the jackal but do no damage.
The jackal is severely wounded.
The jackal bites you. The jackal barely misses you.
You hit the jackal.
You kill the jackal!
You hit the endoplasm.
The endoplasm is lightly wounded.
The endoplasm barely misses you. The endoplasm hits you.
You hit the endoplasm.
You kill the endoplasm!
You hit the giant cockroach.
You kill the giant cockroach!
The giant cockroach bites you.
You have reached level 2!
You closely miss the giant cockroach. You barely miss the giant cockroach.
The giant cockroach bites you but does no damage. x4
You slash the giant cockroach!
You kill the giant cockroach!
You block the giant cockroach's attack.
The giant cockroach bites you but does no damage.
You hit the rat.
You kill the rat!
The giant cockroach bites you.
* * * LOW HITPOINT WARNING * * *
You barely miss the endoplasm.
The giant cockroach bites you but does no damage.
The rat bites you but does no damage. The endoplasm hits you.
* * * LOW HITPOINT WARNING * * *
The giant cockroach bites you.
* * * LOW HITPOINT WARNING * * *
You hit the rat.
The rat is heavily wounded.
The rat bites you.
* * * LOW HITPOINT WARNING * * *
The endoplasm freezes you.
You are frozen.
You die...

###############
#.............#
.....JJB....
...hJr..
#######J#######
#.....r@B.....#
+⌠....###....⌠+
#......<......#
#..⌠...>...⌠..#
###+#######+###


You could see 4 endoplasms, a jackal, 2 giant cockroaches and 2 rats.

Vanquished Creatures
  An endoplasm (D:1)
  3 giant cockroaches (D:1)
  2 jackals (D:1)
  A rat (D:1)
7 creatures vanquished.

Notes
Turn   | Place    | Note
-------+----------+-------------------------------------------
     0 | D:1      | Heretekdanicus the Human Fighter began the quest for the
                  | Orb.
     0 | D:1      | Reached XP level 1. HP: 18/18 MP: 1/1
     2 | D:1      | Found a runed translucent door.
    28 | D:1      | Reached XP level 2. HP: 8/24 MP: 2/2
    33 | D:1      | Frozen to death by an endoplasm

Illustrated notes

Levels and vault maps discovered:
D:1:      dpeg_arrival_caged_fury, layout_loops_ring,
          hellmonk_ecumenical_altar_pennies_from_heaven

Action                   || total
-------------------------++-------
Melee: Long sword        ||    23
Armor: Scale mail        ||    21
Dodge: Dodged            ||     9
Block: Buckler           ||     8

Table legend: (Time is in decaauts)
 A = Elapsed time spent in this place.
 B = Non-inter-level travel time spent in this place.
 C = Inter-level travel time spent in this place.
 D = Time resting spent in this place.
 E = Time spent auto-exploring this place.
 F = Levels seen in this place.
 G = Mean time per level.
                   A        B        C        D        E       F      G
               +--------+--------+--------+--------+--------+-----+--------+
         Total |     40 |     40 |      0 |      0 |      0 |   1 |   40.0 |
       Dungeon |     40 |     40 |      0 |      0 |      0 |   1 |   40.0 |
               +--------+--------+--------+--------+--------+-----+--------+

Top non-repeatable levels by time:
     D:1: 40 daAuts
